 Dungeon Crawl Stone Soup version 0.19-a0-1008-g4c63d25 (webtiles) character file.

91 AlphabetPasta the Slasher (level 4, -3/31 HPs)
             Began as an Octopode Monk on July 23, 2016.
             Slain by a gnoll
             ... wielding a +0 halberd
              (16 damage)
             ... on level 3 of the Dungeon.
             The game lasted 00:05:30 (1781 turns).

AlphabetPasta the Slasher (Octopode Monk)           Turns: 1781, Time: 00:05:30

Health: -3/31      AC:  1    Str: 11    XL:     4   Next: 59%
Magic:  4/4        EV: 14    Int: 12    God:
Gold:   110        SH:  0    Dex: 14    Spells: 0 memorised, 3 levels left

rFire  . . .     SeeInvis .     a - +0 falchion
rCold  . . .     Gourm    .     (no shield)
rNeg   . . .     Faith    .     (helmet restricted)
rPois  .         Spirit   .     (no amulet)
rElec  .         Dismiss  .     (no ring)
rCorr  .         Reflect  .     (no ring)
SustAt .         Harm     .     (no ring)
MR     .....                    (no ring)
Stlth  +++.......               (no ring)
                                (no ring)
                                (no ring)
                                (no ring)

@: not resistant to hostile enchantments, fairly stealthy
A: almost no armour, amphibious, 8 rings, constrict 8, camouflage 1, gelatinous
body 1
a: no special abilities


You were on level 3 of the Dungeon.
You were not hungry.

You visited 1 branch of the dungeon, and saw 3 of its levels.

You collected 110 gold pieces.

Inventory:

Hand Weapons
 a - a +0 falchion (weapon)
Jewellery
 i - an uncursed amulet of regeneration {unknown}
Wands
 l - a wand of paralysis (13/24)
Scrolls
 c - a scroll of magic mapping {unknown}
 d - 7 scrolls of remove curse {unknown}
 e - 3 scrolls of identify {unknown}
 g - a scroll of teleportation {unknown}
 j - 2 scrolls of fear {unknown}
Potions
 k - a potion of agility {unknown}
Comestibles
 b - 3 bread rations
 f - a beef jerky
 h - a slice of pizza
 m - a meat ration


   Skills:
 + Level 3.4 Fighting
 * Level 4.2 Long Blades
 + Level 3.9 Dodging
 - Level 2.6 Stealth


You had 3 spell levels left.
You didn't know any spells.

Dungeon Overview and Level Annotations

Branches:
Dungeon (3/15)

Altars:
Elyvilon
Trog


Innate Abilities, Weirdness & Mutations

You cannot wear most types of armour.
You are amphibious.
You can wear up to eight rings at the same time.
You can use your tentacles to constrict eight enemies at once.
Your skin changes colour to match your surroundings (Stealth+).
Your rubbery body absorbs attacks. (AC +1)


Message History

The gnoll shouts!
The kobold throws a stone.
The stone hits you but does no damage. The gnoll hits you with a halberd!
You slash the gnoll! You grab the gnoll.
The gnoll is heavily wounded.
You constrict the gnoll. The gnoll barely misses you.
You riposte.
You hit the gnoll.
The gnoll is severely wounded.
You hit the gnoll.
The gnoll is severely wounded.
You constrict the gnoll.
The gnoll splashes around in the water.
You hit the gnoll.
You kill the gnoll!
You hear a splash.
The gnoll closely misses you. The kobold hits you with a short sword.
The gnoll closely misses you. The gnoll misses you.
The gnoll hits you from afar with a halberd!
Ouch! That really hurt!
You die...

♣♣♣ #####♣ ♣♣♣.♣♣♣
##.....♣♣ ♣♣.....♣♣
##.......♣♣♣.......♣♣ .
#...≈≈≈..|♣...≈≈≈...♣..
##..≈≈≈≈≈..(.g≈≈≈≈≈.....
#...≈≈♣≈≈..g.g≈)_≈≈...(.
#...≈≈≈≈≈..@K.≈≈≈≈≈.....
##....≈≈≈...♣...≈≈≈...♣..
###..#.......♣♣♣.......♣♣
#...........♣♣ ♣♣...?.♣♣
###..........♣♣ ♣♣♣.♣♣♣
#............# ♣♣♣
..#..........##
..#.........[.#
..#........####


You could see 3 gnolls and a kobold.

Vanquished Creatures
  A worker ant (D:3)
  A gnoll (D:3)
  2 adders (D:2)
  An ooze (D:2)
  A worm (D:2)
  A ball python (D:2)
  5 giant cockroaches (D:2)
  5 goblins
  5 hobgoblins
  2 jackals (D:1)
  A kobold (D:2)
  A quokka (D:2)
  2 bats
  A giant newt (D:2)
  3 rats
32 creatures vanquished.

Notes
Turn   | Place    | Note
-------+----------+-------------------------------------------
     0 | D:1      | AlphabetPasta the Octopode Monk began the quest for the Orb.
     0 | D:1      | Reached XP level 1. HP: 16/16 MP: 1/1
   339 | D:1      | Reached XP level 2. HP: 18/21 MP: 2/2
   802 | D:2      | Found a bloodstained altar of Trog.
   910 | D:2      | Reached XP level 3. HP: 20/26 MP: 3/3
  1529 | D:2      | Reached XP level 4. HP: 26/31 MP: 4/4
  1600 | D:3      | Reached skill level 4 in Long Blades
  1760 | D:3      | Found a white marble altar of Elyvilon.
  1781 | D:3      | Slain by a gnoll

Vault maps used:
D:1:      nagdon_arrival_zigzag_paths, corner_web_ring
D:2:      trog_three_pillars_becter
D:3:      elyvilon_altar_3, gammafunk_temple_overflow_elements

Skill      XL: |  1  2  3  4 |
---------------+-------------+-----
Long Blades    | 4 |  4.2
Fighting       | |  3.4
Dodging        | |  3.9
Stealth        | |  2.6

Action                   |  1- 3 |  4- 6 || total
-------------------------+-------+-------++-------
Melee: Falchion          |    67 |     8 ||    75
       Constrict         |    18 |     2 ||    20
       Tentacles         |    13 |     1 ||    14
 Stab: Sleeping          |     5 |     2 ||     7
  Eat: Chunk             |     2 |     1 ||     3
Armor: Skin              |     4 |     1 ||     5
Dodge: Dodged            |    26 |     6 ||    32
